AoeStats
← limetree1978

Black Forest

509153482Analyzed
2v2 RM · 7d ago on Sep 25, 2026· 96m 25s· 4 players
Game mode
Random Map
Map size
Medium (4 player)
Population
200
Speed
Normal
Resources
Standard
Victory
Conquest
Starting age
Dark Age
Ending age
Imperial Age
RankedLock teamsTeams togetherTeam positionsShared explorationLock speedFull tech treeHidden civsTurbo modeCheats
Victory
Defeat
🇺🇸 Spanish · United States
563
+6
🇨🇱 Britons · Chile
527
+6
🇬🇪 Chinese · Georgia
300
-6
🇬🇪 Hindustanis · Georgia
293
-6
LINXUS
16:00 Feudal Age
20:21 Horse Collar
20:29 Double-Bit Axe
23:39 Castle Age
26:39 Gold Mining
32:58 Imperial Age
32:28 Fortified Wall
33:07 Bow Saw
33:16 Sappers
34:15 Conscription
35:25 Heavy Plow
36:29 Two-Man Saw
38:32 Bloodlines
37:44 Cavalier
37:50 Elite Fire Lancer
39:35 Elite Chu Ko Nu
42:13 Heavy Rocket Cart
60:47 Rocketry
IberieliN
0:28 Loom
14:36 Feudal Age
16:22 Wheelbarrow
15:32 Town Watch
19:56 Castle Age
21:56 Town Patrol
22:58 Double-Bit Axe
30:53 Imperial Age
28:08 Horse Collar
29:32 Hand Cart
29:43 Husbandry
31:23 Gold Mining
31:24 Stone Mining
31:50 Bow Saw
33:21 Heavy Plow
37:10 Scale Barding Armor
37:16 Forging
36:56 Fletching
37:07 Padded Archer Armor
37:07 Scale Mail Armor
37:46 Gold Shaft Mining
37:46 Stone Shaft Mining
38:17 Two-Man Saw
38:48 Chemistry
38:08 Ballistics
37:39 Guard Tower
37:59 Fortified Wall
37:47 Murder Holes
38:03 Masonry
40:17 Coinage
39:47 Caravan
40:55 Chain Barding Armor
40:51 Chain Mail Armor
41:11 Iron Casting
40:31 Bodkin Arrow
40:52 Leather Archer Armor
40:15 Heavy Cavalry Archer
41:52 Shatagni
41:58 Heavy Camel Rider
42:49 Bloodlines
42:00 Light Cavalry
43:00 Elite Skirmisher
43:00 Crossbowman
43:46 Thumb Ring
44:11 Grand Trunk Road
44:33 Conscription
45:20 Hoardings
45:36 Banking
45:20 Onager
46:59 Plate Barding Armor
47:25 Blast Furnace
46:25 Bracer
47:08 Ring Archer Armor
47:08 Elite Ghulam
49:16 Bracer
50:09 Siege Engineers
50:24 Imperial Camel Rider
59:52 Hussar
71:48 Block Printing
71:30 Herbal Medicine
71:35 Devotion
72:01 Illumination
72:11 Theocracy
71:48 Redemption
71:58 Sanctity
71:49 Fervor
miaumiaumiau
0:29 Loom
12:00 Feudal Age
19:37 Castle Age
18:20 Double-Bit Axe
18:18 Horse Collar
21:04 Bow Saw
25:40 Stone Mining
29:09 Gold Mining
30:20 Caravan
31:07 Wheelbarrow
30:47 Heavy Plow
33:18 Hand Cart
37:14 Imperial Age
36:17 Fletching
36:28 Padded Archer Armor
38:43 Gold Shaft Mining
37:57 Town Watch
39:40 Yeomen
39:00 Pikeman
39:39 Herbal Medicine
41:02 Warwolf
41:14 Bodkin Arrow
41:59 Heated Shot
42:29 Ballistics
43:15 Chemistry
43:46 Squires
43:31 Treadmill Crane
44:21 Elite Longbowman
45:24 Conscription
44:52 Elite Skirmisher
45:01 Light Cavalry
45:45 Husbandry
46:57 Two-Man Saw
46:00 Town Patrol
46:18 Fortified Wall
46:31 Cavalier
47:14 Bracer
47:29 Leather Archer Armor
47:25 Forging
47:16 Scale Mail Armor
47:21 Scale Barding Armor
46:39 Cranequins
50:16 Ring Archer Armor
51:28 Guard Tower
51:18 Halberdier
52:29 Siege Engineers
53:23 Iron Casting
53:03 Chain Mail Armor
53:09 Chain Barding Armor
54:29 Gambesons
54:29 Arson
57:19 Masonry
57:01 Heated Shot
57:51 Keep
57:03 Arrowslits
57:14 Murder Holes
57:11 Heated Shot
57:32 Masonry
60:38 Man-at-Arms
62:24 Long Swordsman
66:20 Illumination
68:15 Architecture
67:08 Two-Handed Swordsman
69:20 Blast Furnace
68:50 Plate Mail Armor
68:56 Plate Barding Armor
71:21 Coinage
71:03 Guilds
71:33 Hoardings
70:30 Sappers
95:00 Banking
93:53 Champion
limetree1978
13:52 Feudal Age
14:39 Horse Collar
14:55 Double-Bit Axe
23:08 Castle Age
21:57 Gold Mining
22:59 Stone Mining
23:53 Heavy Plow
25:05 Bow Saw
28:16 Wheelbarrow
31:48 Imperial Age
29:12 Town Watch
30:02 Padded Archer Armor
31:44 Fervor
31:26 Loom
31:45 Fletching
33:57 Scale Mail Armor
34:47 Coinage
33:51 Light Cavalry
34:32 Husbandry
33:55 Pikeman
34:58 Scale Barding Armor
36:58 Arson
37:14 Squires
39:15 Chemistry
38:40 Chain Barding Armor
38:54 Hand Cart
39:16 Guilds
41:35 Arrowslits
41:44 Cavalier
43:20 Ballistics
43:39 Plate Barding Armor
43:45 Hoardings
43:24 Man-at-Arms
43:50 Gambesons
45:02 Banking
44:38 Inquisition
45:09 Forging
46:04 Long Swordsman
47:03 Chain Mail Armor
47:04 Leather Archer Armor
47:03 Bloodlines
47:56 Halberdier
49:17 Plate Mail Armor
49:03 Hussar
50:39 Stone Shaft Mining
50:10 Town Patrol
51:22 Ring Archer Armor
50:48 Bodkin Arrow
51:28 Iron Casting
51:45 Conscription
55:51 Blast Furnace
54:51 Bracer
56:50 Two-Handed Swordsman
58:47 Champion
62:13 Fortified Wall
63:22 Elite Conquistador
64:20 Capped Ram
66:24 Two-Man Saw
66:55 Onager
Connection lost

Rejoining the realm…

Still unreachable

The connection could not be restored.

Session expired

The server has moved on; the page needs a fresh start.